 Dungeon Crawl Stone Soup version 0.30-a0-1066-g63dfefce0d (webtiles) character file.

Game seed: 14234336459915087523

3810 lesbiats the Grappler (level 9, -8/89 HPs)
             Began as a Troll Fighter on Apr 13, 2023.
             Was an Elder of Wu Jian.
             Mangled by a yak (11 damage)
             ... while paralysed by a hornet
             ... on level 8 of the Dungeon.
             The game lasted 00:37:36 (7089 turns).

lesbiats the Grappler (Troll Fighter)               Turns: 7089, Time: 00:37:37

Health: -8/89      AC:  9    Str: 26    XL:     9   Next: 96%
Magic:  8/8        EV:  1    Int:  8    God:    Wu Jian [****..]
Gold:   509        SH:  0    Dex:  9    Spells: 8/8 levels left

rFire   . . .      SeeInvis .      - Unarmed
rCold   . . .      Faith    .    b - +0 kite shield
rNeg    . . .      Spirit   .    a - +0 robe
rPois   .          Reflect  .    (helmet restricted)
rElec   .          Rampage  .    h - +0 cloak
rCorr   .                        (gloves unavailable)
Will    .....                    (boots unavailable)
Stlth   +                        (no amulet)
HPRegen 1.14/turn                q - +4 ring of protection
MPRegen 0.11/turn                (no ring)

@: paralysed, lethally poisoned (-8 -> -9), slowed
A: large, unfitting armour, claws 3, regeneration 1, shaggy fur 1, tough skin 1
a: Renounce Religion, Wall Jump, Serpent's Lash


You were on level 8 of the Dungeon.
You worshipped Wu Jian.
Wu Jian was greatly pleased with you.
You visited 2 branches of the dungeon, and saw 10 of its levels.

You collected 509 gold pieces.

Inventory:

Hand Weapons
 i - a +0 hand axe of flaming
Missiles
 g - 36 poisoned darts (quivered)
 y - a curare-tipped dart
 z - 10 boomerangs
Armour
 a - a +0 robe (worn)
 b - a +0 kite shield (worn)
 h - a +0 cloak (worn)
Jewellery
 q - a +4 ring of protection (left claw)
Wands
 s - a wand of polymorph (7)
Scrolls
 f - a scroll of identify
 j - 4 scrolls of teleportation
 m - a scroll of vulnerability
 n - a scroll of amnesia
 o - 3 scrolls of poison
 v - a scroll of magic mapping
 w - 3 scrolls of blinking
 x - a scroll of fear
 D - a scroll of noise {unknown}
Potions
 c - 3 potions of might
 d - 7 potions of curing
 e - 3 potions of heal wounds
 k - 2 potions of degeneration
 l - 2 potions of mutation
 p - a potion of lignification {unknown}
 r - a potion of brilliance {unknown}
 t - 3 potions of flight
 u - 2 potions of ambrosia {unknown}
 A - a potion of resistance {unknown}
 B - a potion of invisibility {unknown}
 C - a potion of haste {unknown}


   Skills:
 + Level 6.2 Fighting
 + Level 4.6 Dodging
 + Level 6.7 Shields
 * Level 9.8 Unarmed Combat


You had 8 spell levels left.
You didn't know any spells.
Your spell library contained the following spells:

 Spells                   Type           Power      Damage    Failure   Level
 Sublimation of Blood     Necr           0%         N/A       80%         2
 Petrify                  Tmut/Erth      0%         N/A       100%        4
 Irradiate                Conj/Tmut      0%         3d11      100%        5


Dungeon Overview and Level Annotations

Branches:
Dungeon (9/15)             Temple (1/1) D:7
   Lair: D:8-11         Orc: D:9-12

Altars:
Ashenzari
Cheibriados
Dithmenos
Elyvilon
Fedhas
Gozag
Hepliaklqana
Kikubaaqudgha
Makhleb
Nemelex Xobeh
Okawaru
Qazlal
Ru
Sif Muna
Trog
Vehumet
Wu Jian
Yredelemnul
Zin
The Shining One

Shops:
D:1 :   D:5 *

Annotations:
D:7 5 runed translucent doors
D:9 Grum


Innate Abilities, Weirdness & Mutations

You are too large for most types of armour.
You have claws for hands.
Your natural rate of healing is unusually fast.
You are covered in fur. (AC +1)
You have tough skin. (AC +1)


Message History

You kill the wolf!
The Council accepts your kill.
You see here a wolf corpse.
You start resting.
HP restored.
There is a stone staircase leading down here.
You climb downwards.
Level annotation: Grum The bullfrog croaks.
The yak bellows! x4; The hornet buzzes angrily.
The yak bellows!
The hornet stings you but does no damage.
The yak gores you.
Found a scroll of identify.
There is a stone staircase leading up here.
The hornet barely misses you. The yak gores you! The yak gores you.
You block the bullfrog's attack. The hornet stings you.
You feel yourself slow down.
You climb upwards.
There is a stone staircase leading down here.
You mangle the yak!!
The yak is heavily wounded.
You feel yourself speed up. The hornet stings you!
You are poisoned.
You suddenly lose the ability to move!
The yak gores you. The yak barely misses you. The yak gores you!
The hornet stings you but does no damage.
You feel very sick. The yak gores you. The yak gores you!
* * * LOW HITPOINT WARNING * * *
The yak gores you.
* * * LOW HITPOINT WARNING * * *
The hornet stings you!
* * * LOW HITPOINT WARNING * * *
You feel yourself slow down.
You feel sick. The hornet stings you.
* * * LOW HITPOINT WARNING * * *
You feel as though you will be slow longer.
The yak gores you but does no damage. The yak gores you!
You die...

#.##### ###. #.....# #... #.###.#
#.#. #.# #.# #.#. ###### #.#
#.##########.#.
##....#########.###..........#.#.
.'...........<#.#.....#........#.
##......#####'#Y#Y.............##
##......#.......@Y...............
###.....#........y...............
........#......................<.
........#.............#..........
......................#..........
......................#..........
...................#'##..........
...................#.########'#..
........#'##..............# #....


You could see 3 yaks and a hornet.

Vanquished Creatures
  Pikel (D:6)
  Grinder (D:5)
  A steam dragon (D:7)
  Menkaure (D:4)
  Edmund (D:4)
  Duvessa (D:4)
  A water moccasin (D:8)
  A black bear (D:6)
  2 ice beasts
  2 orc warriors
  2 sky beasts
  A wolf (D:8)
  2 ogres (D:6)
  2 lemures (D:6)
  2 kobold brigands
  A phantom (D:5)
  A bullfrog (D:8)
  3 wights (D:6)
  Dowan (D:4)
  A killer bee (D:8)
  4 howler monkeys
  2 hounds
  7 orc priests
  A gnoll bouda (D:6)
  2 sleepcaps
  A jelly (D:5)
  2 iguanas
  10 orc wizards
  10 gnolls
  5 adders
  2 shadow imps
  2 ufetubi (D:4)
  A worm (D:2)
  4 dart slugs
  44 orcs
  4 bats
  2 endoplasms
  A giant cockroach (D:1)
  3 goblins
  9 hobgoblins
  7 jackals (D:1)
  18 kobolds
  4 quokkas
  5 ball pythons
  5 frilled lizards
  3 rats (D:3)
186 creatures vanquished.

Vanquished Creatures (others)
  A plant (D:2)
1 creature vanquished.

Grand Total: 187 creatures vanquished

Notes
Turn   | Place    | Note
-------+----------+-------------------------------------------
     0 | D:1      | lesbiats the Troll Fighter began the quest for the Orb.
     0 | D:1      | Reached XP level 1. HP: 22/22 MP: 0/0
    10 | D:1      | Found Azxoon's Book Boutique.
   218 | D:1      | Reached XP level 2. HP: 29/29 MP: 1/1
   613 | D:1      | Reached XP level 3. HP: 35/36 MP: 2/2
   873 | D:2      | Found an ornate altar of the Wu Jian Council.
   883 | D:2      | Became a worshipper of the Wu Jian Council
  1089 | D:2      | Found a faded altar of an unknown god.
  1292 | D:2      | Reached skill level 3 in Unarmed Combat
  1711 | D:3      | Reached XP level 4. HP: 26/44 MP: 3/3
  1738 | D:3      | Reached * piety under Wu Jian
  1836 | D:3      | You fall into a shaft and drop 1 floor!
  1836 | D:4      | Found a white marble altar of Elyvilon.
  1836 | D:4      | Found a sacrificial altar of Ru.
  1836 | D:4      | Found a snail-covered altar of Cheibriados.
  1882 | D:4      | Reached skill level 4 in Unarmed Combat
  1882 | D:4      | Reached XP level 5. HP: 37/53 MP: 4/4
  1942 | D:4      | Noticed an orc warrior
  2598 | D:4      | Noticed Duvessa
  2600 | D:4      | Noticed Dowan
  2608 | D:4      | d4 duvessa and some orcs i didn't kill
  2609 | D:5      | Entered Level 5 of the Dungeon
  2623 | D:5      | Noticed a phantom
  2633 | D:5      | Killed a phantom
  2634 | D:5      | Reached XP level 6. HP: 61/61 MP: 5/5
  2731 | D:5      | Reached skill level 5 in Unarmed Combat
  2862 | D:5      | Found Ucsat's Gadget Gallery.
  3122 | D:5      | Noticed Grinder
  3136 | D:5      | Paralysed by Grinder for 2 turns
  3139 | D:5      | Paralysed by Grinder for 4 turns
  3143 | D:5      | Killed Grinder
  3143 | D:5      | Reached ** piety under Wu Jian
  3144 | D:5      | Reached skill level 6 in Unarmed Combat
  3144 | D:5      | Reached XP level 7. HP: 60/70 MP: 6/6
  3221 | D:5      | Found a blossoming altar of Fedhas.
  3477 | D:6      | Reached skill level 5 in Shields
  3477 | D:6      | Reached XP level 8. HP: 77/79 MP: 7/7
  3611 | D:6      | Reached skill level 7 in Unarmed Combat
  3702 | D:6      | Found a radiant altar of Vehumet.
  3717 | D:6      | Found a glowing silver altar of Zin.
  3724 | D:6      | Found a shadowy altar of Dithmenos.
  3770 | D:6      | Found a stormy altar of Qazlal.
  3774 | D:6      | Found a sparkling altar of Nemelex Xobeh.
  4052 | D:6      | Found an ancient bone altar of Kikubaaqudgha.
  4437 | D:6      | Reached skill level 5 in Fighting
  4507 | D:4      | Killed Duvessa
  4514 | D:4      | Killed Dowan
  4515 | D:4      | Reached skill level 8 in Unarmed Combat
  4582 | D:4      | Reached *** piety under Wu Jian
  4634 | D:4      | Noticed Menkaure
  4655 | D:4      | Killed Menkaure
  4783 | D:4      | Noticed Edmund
  4796 | D:4      | Killed Edmund
  4797 | D:4      | Reached XP level 9. HP: 88/88 MP: 8/8
  5431 | D:7      | Found a runed translucent door.
  5443 | D:7      | Found a runed translucent gate.
  5517 | D:7      | Found a runed translucent gate.
  5523 | D:7      | Found the +9 staff of Olgreb {rPois∞}
  5547 | D:7      | d7 runed door CRAMMED with poison
  5674 | D:7      | Found a staircase to the Ecumenical Temple.
  5694 | Temple   | Entered the Ecumenical Temple
  5850 | D:7      | Found a runed translucent gate.
  5859 | D:7      | Found a runed translucent door.
  5898 | D:7      | Noticed Pikel
  5935 | D:6      | Killed Pikel
  5936 | D:6      | Reached skill level 9 in Unarmed Combat
  6737 | D:8      | Reached **** piety under Wu Jian
  7012 | D:9      | Noticed Grum
  7087 | D:8      | Paralysed by a hornet for 3 turns
  7089 | D:8      | HP: 3/89 [hornet (6)]
  7089 | D:8      | Mangled by a yak

Illustrated notes

...# .#.# .#.# .#.####
......# .#.##.## ########
##.#...##### #......####
....#..<...# #.........#
####...###.#####@#.##.##.#
....#.## #.........##.##.#
......##########.####.##.#
..........# #.# #.##.#
.##.#.###.## #.^ ..##.##
....#......# #### ####..#
..#######..####### ##.#
..# #..#.....# #.# ..#
#..#.....# #.#


Turn 2608 on D:4: d4 duvessa and some orcs i didn't kill .... yy##.........
.##...yy##....###.## ..##.yy##......##. ..#.yy#.......#.. #.##.##..........
#..#+#............ #.#)#............. #.###............. #@.#..#########...
##.#.## #.#.# #...# ##### Turn 5547 on D:7: d7 runed door CRAMMED with poison

Levels and vault maps discovered:
D:1:      scummos_arrival_forest, layout_basic, serial_shops, shop,
          amcnicky_mini_rare_corridor_liquid, serial_bayou_ford_a
D:2:      wad_lake_hut, layout_basic, basic_altar, ebering_ecumenical_altar_mist
D:3:      layout_rooms, minmay_vboxes
D:4:      layout_loops_cross, grunt_temple_overflow_open, minmay_statues_item,
          uniq_edmund, uniq_menkaure, uniq_duvessa
D:5:      layout_rooms, fedhas_altar_4, kennysheep_minor_cross,
          nicolae_shop_gadgets, uniq_grinder
D:6:      layout_basic, nicolae_kikubaaqudgha_miasma_corner,
          minmay_overflow_temple_star_hex, kennysheep_crisscross,
          chequers_serial_rivers_small_b
D:7:      layout_rooms, temple_fountains, nrook_uturn,
          eino_small_chamber_without_monster,
          minmay_guarded_unrand_staff_of_olgreb, uniq_pikel
D:8:      layout_basic, kennysheep_small_square
D:9:      layout_irregular_city, led_xom_imps, david_lair_shrubbed,
          zombieorc2_lemuel, grunt_ministairs_9, grunt_decor_clamped,
          chequers_jeans, uniq_maurice, uniq_grum, uniq_maggie, uniq_gastronok
Temple:   hellmonk_temple_beads

Skill      XL: |  1  2  3  4  5  6  7  8  9 |
---------------+----------------------------+-----
Shields        | 3 4 5 6 |  6.7
Unarmed Combat | 3 4 6 8 9 |  9.8
Fighting       | 3 4 5 6 |  6.2
Dodging        | 3 4 |  4.6

Action                     |  1- 3 |  4- 6 |  7- 9 || total
---------------------------+-------+-------+-------++-------
  Melee: Unarmed           |   117 |   181 |   362 ||   660
  Throw: Dart              |       |     3 |     4 ||     7
Ability: Lunge             |     6 |    18 |    39 ||    63
         Whirlwind         |       |     2 |    13 ||    15
    Use: Potion            |     1 |     2 |     2 ||     5
         Scroll            |       |     6 |     6 ||    12
   Stab: Distracted        |     1 |       |       ||     1
 Armour: Robe              |    41 |    66 |   104 ||   211
  Dodge: Dodged            |    51 |    40 |    81 ||   172
  Block: Kite shield       |    50 |    70 |   111 ||   231

Table legend: (Time is in decaauts)
 A = Elapsed time spent in this place.
 B = Non-inter-level travel time spent in this place.
 C = Inter-level travel time spent in this place.
 D = Time resting spent in this place.
 E = Time spent auto-exploring this place.
 F = Levels seen in this place.
 G = Mean time per level.
                   A        B        C        D        E       F      G
               +--------+--------+--------+--------+--------+-----+--------+
         Total |   7105 |   5737 |   1368 |    270 |   3380 |  10 |  710.5 |
       Dungeon |   6998 |   5642 |   1356 |    270 |   3296 |   9 |  777.6 |
        Temple |    107 |     95 |     12 |      0 |     84 |   1 |  107.0 |
               +--------+--------+--------+--------+--------+-----+--------+

Top non-repeatable levels by time:
     D:6: 1307 daAuts
     D:4: 1257 daAuts
     D:8: 871 daAuts
     D:2: 863 daAuts
     D:1: 750 daAuts
     D:5: 672 daAuts
     D:7: 662 daAuts
     D:3: 607 daAuts
  Temple: 107 daAuts
     D:9: 6 daAuts
